 Dungeon Crawl Stone Soup version 0.30-a0-1008-g30c9307041 (webtiles) character file.

Game seed: 12571121175378543029

108 CowFu the Caller (level 4, -1/24 HPs)
             Began as a Deep Elf Summoner on Apr 5, 2023.
             Slain by a phantom (5 damage)
             ... on level 4 of the Dungeon.
             The game lasted 00:05:29 (2732 turns).

CowFu the Caller (Deep Elf Summoner)                Turns: 2732, Time: 00:05:31

Health: -1/24      AC:  2    Str:  5    XL:     4   Next: 58%
Magic:  8/12       EV: 13    Int: 22    God:
Gold:   48         SH:  0    Dex: 18    Spells: 6/12 levels left

rFire   . . .      SeeInvis .    w - +4 short sword of Insufficient Pleasure {freeze, rCorr Dex+3}
rCold   . . .      Faith    .    (no shield)
rNeg    . . .      Spirit   .    a - +0 robe
rPois   .          Reflect  .    (no helmet)
rElec   .          Rampage  .    (no cloak)
rCorr   +                        (no gloves)
Will    .....                    (no boots)
Stlth   ++                       (no amulet)
HPRegen 0.24/turn                p - ring of resist corrosion
MPRegen 0.13/turn                (no ring)

@: no status effects
A: no striking features
a: no special abilities


You were on level 4 of the Dungeon.
You visited 1 branch of the dungeon, and saw 4 of its levels.

You collected 175 gold pieces.
You spent 127 gold pieces at shops.

Inventory:

Hand Weapons
 f - a +0 spear
 w - the +4 short sword of Insufficient Pleasure (weapon) {freeze, rCorr Dex+3}
   (You found it on level 4 of the Dungeon)

   Dex:       It affects your dexterity (+3).
   rCorr:     It protects you from acid and corrosion.
Armour
 a - a +0 robe (worn)
Jewellery
 p - a ring of resist corrosion (left hand)
 r - a ring of magical power
Wands
 g - a wand of flame (11)
Scrolls
 c - 4 scrolls of identify {unknown}
 d - 3 scrolls of poison {unknown}
 e - a scroll of silence {unknown}
 h - a scroll of vulnerability {unknown}
 i - a scroll of acquirement {unknown}
 j - a scroll of amnesia {unknown}
 l - 2 scrolls of immolation {unknown}
 m - a scroll of enchant weapon {unknown}
 n - 3 scrolls of teleportation {unknown}
 o - a scroll of blinking {unknown}
 s - a scroll of butterflies {unknown}
Potions
 b - 2 potions of magic
 k - a potion of mutation {unknown}
 q - a potion of heal wounds {unknown}
 t - a potion of flight {unknown}
 u - a potion of lignification {unknown}
 v - a potion of curing {unknown}


   Skills:
 - Level 2.7 Dodging
 - Level 2.8 Stealth
 + Level 4.9 Spellcasting
 + Level 5.5 Summonings


You had 6 spell levels left.
You knew the following spells:

 Your Spells              Type           Power      Damage    Failure   Level
a - Summon Small Mammal   Summ           100%       N/A       1%          1
b - Call Imp              Summ           29%        N/A       1%          2
c - Call Canine Familiar  Summ           29%        N/A       3%          3

Your spell library contained the following spells:

 Spells                   Type           Power      Damage    Failure   Level
 Summon Guardian Golem    Hex/Summ       17%        N/A       10%         3
 Summon Lightning Spire   Summ/Air       17%        N/A       32%         4


Dungeon Overview and Level Annotations

Branches:
Dungeon (4/15)
 Temple: D:4-7

Altars:

Shops:
D:2 *

Annotations:
D:3 Terence


Message History

You are too injured to fight recklessly!
You are too injured to fight recklessly!
You hit the phantom.
The phantom is severely damaged.
The phantom hits you.
You hit the phantom.
The phantom is severely damaged.
The phantom closely misses you.
Casting: Summon Small Mammal (safe; 1% risk of failure)
Confirm with . or Enter, or press ? or * to list all spells.
The phantom misses you.
Casting: Summon Small Mammal (safe; 1% risk of failure)
Confirm with . or Enter, or press ? or * to list all spells.
A beastly little devil appears in a puff of flame.
Your crimson imp says, "Let's sow mayhem!"
The phantom hits you.
* * * LOW HITPOINT WARNING * * *
You closely miss the phantom. Your punch misses the phantom.
The phantom is severely damaged.
The phantom closely misses you.
Your crimson imp blinks!
Your rat closely misses the phantom.
You barely miss the phantom.
The phantom is severely damaged.
The phantom misses you.
Your crimson imp blinks!
Your rat closely misses the phantom.
You barely miss the phantom.
The phantom is severely damaged.
The phantom hits you but does no damage.
Your rat bites the phantom but does no damage.
You hit the phantom but do no damage.
The phantom is severely damaged.
The phantom hits you.
* * * LOW HITPOINT WARNING * * *
The phantom blinks!
You blink.
Casting: Call Imp (safe; 1% risk of failure)
Confirm with . or Enter, or press ? or * to list all spells.
The phantom hits you.
You die...

######### #.......#
###################5......#
.).............W@.........#
#.#############b....#######
#.##### #....#...r..###
......# #....+.....§..###
##..#.## #....#....§##...#
###....######.#...#.####.#
...##....................+
...#####..#####.#.#.####
.......#..#<..#.#.#+##


You could see a phantom (ally target), a friendly crimson imp (summoned), a
friendly bat (summoned) and a friendly rat (summoned).

Vanquished Creatures
  2 dart slugs
  5 bats
  3 endoplasms
  2 giant cockroaches
  3 hobgoblins
  2 ball pythons (D:1)
  2 frilled lizards (D:2)
  2 goblins (D:2)
  4 kobolds
  3 rats
28 creatures vanquished.

Vanquished Creatures (collateral kills)
  Ijyb (D:3)
  An adder (D:3)
  A worm (D:2)
  2 dart slugs
  3 bats (D:1)
  4 endoplasms
  A giant cockroach (D:2)
  6 goblins
  2 hobgoblins (D:2)
  4 jackals (D:2)
  A quokka (D:2)
  4 ball pythons
  A frilled lizard (D:1)
  A kobold (D:2)
  2 rats (D:1)
34 creatures vanquished.

Vanquished Creatures (others)
  A fungus (D:3)
  A plant (D:3)
2 creatures vanquished.

Grand Total: 64 creatures vanquished

Notes
Turn   | Place    | Note
-------+----------+-------------------------------------------
     0 | D:1      | CowFu the Deep Elf Summoner began the quest for the Orb.
     0 | D:1      | Reached XP level 1. HP: 10/10 MP: 6/6
   134 | D:1      | Reached XP level 2. HP: 10/15 MP: 8/8
   188 | D:1      | Learned a level 2 spell: Call Imp
   718 | D:1      | Reached XP level 3. HP: 19/19 MP: 8/10
   722 | D:1      | Learned a level 3 spell: Call Canine Familiar
  1168 | D:2      | Found Haomek Newa's Assorted Antiques.
  1177 | D:2      | Bought a scroll labelled CUNGIDEFFI for 26 gold pieces
  1177 | D:2      | Bought a scroll labelled DIS DEERHILI for 26 gold pieces
  1196 | D:2      | Reached skill level 5 in Summonings
  1426 | D:2      | Bought a scroll labelled JIURAPHURAC for 26 gold pieces
  1901 | D:3      | Reached XP level 4. HP: 19/24 MP: 12/12
  2073 | D:2      | Bought a bubbling purple potion for 23 gold pieces
  2073 | D:2      | Bought a scroll labelled OTZOAD UMAYZAE for 26 gold pieces
  2114 | D:3      | Found a faded altar of an unknown god.
  2447 | D:3      | Noticed Ijyb
  2478 | D:3      | Killed Ijyb
  2569 | D:3      | Noticed Terence
  2639 | D:4      | Identified the +4 short sword of Insufficient Pleasure
                  | {freeze, rCorr Dex+3}
  2711 | D:4      | Noticed a phantom
  2732 | D:4      | Slain by a phantom

Illustrated notes

Levels and vault maps discovered:
D:1:      dpeg_arrival_rooms_with_view, layout_basic, minmay_misc_feat_hallway
D:2:      minmay_spotlight, layout_loops_ring, serial_shops, shop
D:3:      layout_basic, dreamdust_ecumenical_altar_grove, uniq_terence,
          uniq_ijyb
D:4:      layout_basic, minmay_bent

Skill      XL: |  1  2  3 |
---------------+----------+-----
Spellcasting   | 4 |  4.9
Summonings     | 5 |  5.5
Dodging        | |  2.7
Stealth        | |  2.8

Action                     |  1- 3 |  4- 6 || total
---------------------------+-------+-------++-------
  Melee: Spear             |   101 |    27 ||   128
         Unarmed           |     1 |       ||     1
         Punch             |     2 |       ||     2
         Short sword       |       |    18 ||    18
   Cast: Summon Small Mamm |    32 |     8 ||    40
         Call Imp          |    11 |     6 ||    17
    Use: Potion            |       |     2 ||     2
   Stab: Sleeping          |     5 |       ||     5
         Invisible         |       |     1 ||     1
 Armour: Robe              |     9 |     1 ||    10
  Dodge: Dodged            |    48 |    33 ||    81

Table legend: (Time is in decaauts)
 A = Elapsed time spent in this place.
 B = Non-inter-level travel time spent in this place.
 C = Inter-level travel time spent in this place.
 D = Time resting spent in this place.
 E = Time spent auto-exploring this place.
 F = Levels seen in this place.
 G = Mean time per level.
                   A        B        C        D        E       F      G
               +--------+--------+--------+--------+--------+-----+--------+
         Total |   2744 |   2515 |    229 |      0 |   1933 |   4 |  686.0 |
       Dungeon |   2744 |   2515 |    229 |      0 |   1933 |   4 |  686.0 |
               +--------+--------+--------+--------+--------+-----+--------+

Top non-repeatable levels by time:
     D:2: 998 daAuts
     D:1: 935 daAuts
     D:3: 656 daAuts
     D:4: 154 daAuts
